 Dungeon Crawl Stone Soup version 0.21.0-22-g11d5b52 (webtiles) character file.

860 ScottishVillain the Spear-Bearer (level 8, -3/60 HPs)
             Began as a Gnoll Wanderer on Jan 18, 2018.
             Was an Initiate of Qazlal.
             Killed by nerve-wracking pain
             ... invoked by an orc priest
              (13 damage)
             ... on level 5 of the Dungeon.
             The game lasted 00:45:03 (6009 turns).

ScottishVillain the Spear-Bearer (Gnoll Wanderer)   Turns: 6009, Time: 00:45:04

Health: -3/60      AC:  5    Str: 15 (16) XL:     8   Next: 2%
Magic:  12/12      EV: 12    Int: 15      God:    Qazlal [......]
Gold:   312        SH:  4    Dex: 13 (15) Spells: 8/12 levels left

rFire    . . .     SeeInvis .   l - +0 rapier
rCold    . . .     Gourm    .   n - +0 buckler
rNeg     . . .     Faith    .   i - +0 ring mail
rPois    .         Spirit   .   (no helmet)
rElec    .         Reflect  .   (no cloak)
rCorr    .         Harm     .   (no gloves)
MR       .....                  (no boots)
Stlth    +++.......             v - amulet of magic regeneration
HPRegen  0.20/turn              (no ring)
MPRegen  0.38/turn              (no ring)

@: lethally poisoned (-3 -> -4), very slightly contaminated, invisible
A: distributed training, fangs 1, strong nose
a: Renounce Religion


You were on level 5 of the Dungeon.
You worshipped Qazlal.
Qazlal was noncommittal.
You were not hungry.

You visited 1 branch of the dungeon, and saw 5 of its levels.
You also visited: Ossuary.

You collected 312 gold pieces.

Inventory:

Hand Weapons
 a - a +2 dagger
 d - a +0 spear
 j - a +0 mace
 l - a +0 rapier (weapon)
Missiles
 h - 64 arrows
 p - 13 poisoned needles
 x - 20 bolts
Armour
 e - a +0 robe
 i - a +0 ring mail (worn)
 n - a +0 buckler (worn)
Jewellery
 g - a cursed amulet of inaccuracy
 v - an amulet of magic regeneration (around neck)
Wands
 o - a wand of digging (3)
 q - a wand of flame (9)
Scrolls
 k - a scroll of remove curse
 m - a scroll of immolation
 r - 3 scrolls of identify
 s - a scroll of blinking
 y - a scroll of enchant weapon {unknown}
Potions
 b - a potion of haste
 t - a potion of degeneration
 z - 2 potions of brilliance
Books
 u - a book of Maledictions

   Spells                             Type                      Level
   a - Corona                         Hexes                        1
   b - Ensorcelled Hibernation        Hexes/Ice                    2
   c - Confuse                        Hexes                        3
   d - Tukima's Dance                 Hexes                        3
   e - Dazzling Spray                 Conjuration/Hexes            3
Comestibles
 f - 3 rations


   Skills:
 + Level 3.9 Fighting
 + Level 2.8 Short Blades
 + Level 2.8 Long Blades
 + Level 2.8 Axes
 + Level 2.8 Maces & Flails
 + Level 9.0 Polearms
 + Level 2.8 Staves
 + Level 2.8 Slings
 + Level 2.8 Bows
 + Level 2.8 Crossbows
 + Level 2.8 Throwing
 + Level 2.8 Armour
 + Level 3.9 Dodging
 + Level 6.6 Stealth
 + Level 2.8 Shields
 + Level 3.9 Unarmed Combat
 + Level 2.8 Spellcasting
 + Level 2.3 Conjurations
 + Level 2.3 Hexes
 + Level 2.3 Charms
 + Level 2.3 Summonings
 + Level 2.3 Necromancy
 + Level 2.3 Translocations
 + Level 2.3 Transmutations
 + Level 2.3 Fire Magic
 + Level 2.3 Ice Magic
 + Level 2.3 Air Magic
 + Level 2.3 Earth Magic
 + Level 2.3 Poison Magic
 + Level 3.1 Invocations
 + Level 2.8 Evocations


You had 8 spell levels left.
You knew the following spells:

 Your Spells              Type           Power        Failure   Level  Hunger
a - Corona                Hex            #......      17%         1    #......
b - Dazzling Spray        Conj/Hex       #.....       45%         3    ###....


Dungeon Overview and Level Annotations

Branches:
Dungeon (5/15)
 Temple: D:4-7

Altars:
Qazlal
Uskayaw
Wu Jian


Innate Abilities, Weirdness & Mutations

Your experience applies equally to all skills.
You have very sharp teeth.
Your uncanny sense of smell can sniff out nearby items.


Message History

The orc priest is almost dead.
You feel less wooden.
Your +0 ring mail unmelds from your body.
You feel sick. The orc priest closely misses you. You block the adder's attack.
You barely miss the orc priest. Your bite misses the orc priest.
The orc priest is almost dead.
You feel sick. You block the adder's attack. The orc priest barely misses you.
The orc priest misses you. The adder closely misses you.
You closely miss the orc priest.
The orc priest is almost dead.
You block the orc priest's attack. The adder misses you.
You hit the adder.
You kill the adder!
Qazlal accepts your kill.
You feel sick. The orc priest closely misses you.
You hit the orc priest.
The orc priest is almost dead.
The orc priest calls down the wrath of Beogh upon you.
Pain shoots through your body!
You die...

..# ..# ..#
###.# ...#
#.o# #..#∆
#.o# #@)#
##)o#######
#.........#
###.#####.#
#.# #<# ###


You could see 3 orc priests.

Vanquished Creatures
  3 elf zombies (Ossuary)
  A scorpion (D:4)
  A human zombie (Ossuary)
  A hound (D:4)
  An orc priest (D:3)
  Jessica (D:2)
  Ijyb (D:4)
  Natasha (D:2)
  2 orc wizards (D:5)
  A worker ant (D:4)
  6 big kobold zombies (Ossuary)
  A hound zombie (Ossuary)
  4 mummies
  5 adders
  4 gnolls (D:3)
  An adder skeleton (D:4)
  An adder zombie (Ossuary)
  2 worms
  5 dart slugs
  2 leopard geckos
  4 orcs (D:3)
  4 giant cockroaches
  4 hobgoblins
  A kobold (D:2)
  2 quokkas
  4 bats
  8 frilled lizards
  2 gnoll zombies (Ossuary)
  11 goblins
  2 goblin zombies (Ossuary)
  6 hobgoblin zombies (Ossuary)
  4 jackal zombies (Ossuary)
  3 kobold zombies (Ossuary)
  2 orc zombies (Ossuary)
  2 quokka skeletons (D:4)
  2 quokka zombies (Ossuary)
  7 rats
  A rat zombie (Ossuary)
113 creatures vanquished.

Notes
Turn   | Place    | Note
-------+----------+-------------------------------------------
     0 | D:1      | ScottishVillain the Gnoll Wanderer began the quest for the Orb.
     0 | D:1      | ScottishVillain set off with: a +2 dagger, a potion of haste, a potion of lignification, a +0 spear, a +0 robe, a ration
     0 | D:1      | Reached XP level 1. HP: 17/17 MP: 1/1
   179 | D:1      | Reached XP level 2. HP: 20/23 MP: 2/2
  1046 | D:2      | Found a hide-covered altar of Uskayaw.
  1126 | D:2      | Reached XP level 3. HP: 26/28 MP: 3/3
  1607 | D:2      | Noticed Jessica
  1692 | D:2      | Killed Jessica
  1692 | D:2      | Reached skill level 1 in Short Blades
  1692 | D:2      | Reached skill level 1 in Long Blades
  1692 | D:2      | Reached skill level 1 in Axes
  1692 | D:2      | Reached skill level 1 in Maces & Flails
  1692 | D:2      | Reached skill level 1 in Staves
  1692 | D:2      | Reached skill level 1 in Slings
  1692 | D:2      | Reached skill level 1 in Bows
  1692 | D:2      | Reached skill level 1 in Crossbows
  1692 | D:2      | Reached skill level 1 in Throwing
  1692 | D:2      | Reached skill level 1 in Armour
  1692 | D:2      | Reached skill level 1 in Shields
  1692 | D:2      | Reached skill level 1 in Spellcasting
  1692 | D:2      | Reached skill level 1 in Invocations
  1692 | D:2      | Reached skill level 1 in Evocations
  1692 | D:2      | Reached XP level 4. HP: 34/34 MP: 5/5
  1758 | D:2      | Noticed Natasha
  1813 | D:2      | Killed Natasha
  1813 | D:2      | Reached skill level 1 in Conjurations
  1813 | D:2      | Reached skill level 1 in Hexes
  1813 | D:2      | Reached skill level 1 in Charms
  1813 | D:2      | Reached skill level 1 in Summonings
  1813 | D:2      | Reached skill level 1 in Necromancy
  1813 | D:2      | Reached skill level 1 in Translocations
  1813 | D:2      | Reached skill level 1 in Transmutations
  1813 | D:2      | Reached skill level 1 in Fire Magic
  1813 | D:2      | Reached skill level 1 in Ice Magic
  1813 | D:2      | Reached skill level 1 in Air Magic
  1813 | D:2      | Reached skill level 1 in Earth Magic
  1813 | D:2      | Reached skill level 1 in Poison Magic
  2238 | D:3      | Reached XP level 5. HP: 25/40 MP: 6/6
  3057 | D:3      | Learned a level 1 spell: Corona
  3061 | D:3      | Learned a level 3 spell: Dazzling Spray
  3273 | D:4      | Reached XP level 6. HP: 47/47 MP: 8/8
  3511 | D:4      | Found a sand-covered staircase.
  3521 | Ossuary  | Entered an ossuary
  4262 | Ossuary  | Reached XP level 7. HP: 38/52 MP: 10/10
  4954 | D:4      | Noticed Ijyb
  4977 | D:4      | Killed Ijyb
  4977 | D:4      | Reached skill level 9 in Polearms
  5376 | D:4      | Found a stormy altar of Qazlal.
  5376 | D:4      | Found an ornate altar of the Wu Jian Council.
  5394 | D:4      | Became a worshipper of Qazlal Stormbringer
  5968 | D:5      | Entered Level 5 of the Dungeon
  6002 | D:5      | Reached XP level 8. HP: 20/60 MP: 9/12
  6009 | D:5      | Killed from afar by an orc priest

Skill      XL: |  1  2  3  4  5  6  7 |
---------------+----------------------+-----
Stealth        | 6 |  6.6
Short Blades   | 1 2 |  2.8
Long Blades    | 1 2 |  2.8
Axes           | 1 2 |  2.8
Maces & Flails | 1 2 |  2.8
Staves         | 1 2 |  2.8
Slings         | 1 2 |  2.8
Bows           | 1 2 |  2.8
Crossbows      | 1 2 |  2.8
Throwing       | 1 2 |  2.8
Armour         | 1 2 |  2.8
Shields        | 1 2 |  2.8
Spellcasting   | 1 2 |  2.8
Invocations    | 1 2 3 |  3.1
Evocations     | 1 2 |  2.8
Conjurations   | 1 2 |  2.3
Hexes          | 1 2 |  2.3
Charms         | 1 2 |  2.3
Summonings     | 1 2 |  2.3
Necromancy     | 1 2 |  2.3
Translocations | 1 2 |  2.3
Transmutations | 1 2 |  2.3
Fire Magic     | 1 2 |  2.3
Ice Magic      | 1 2 |  2.3
Air Magic      | 1 2 |  2.3
Earth Magic    | 1 2 |  2.3
Poison Magic   | 1 2 |  2.3
Fighting       | 3 |  3.9
Dodging        | 3 |  3.9
Unarmed Combat | 3 |  3.9
Polearms       | 9 |  9.0

Action                   |  1- 3 |  4- 6 |  7- 9 || total
-------------------------+-------+-------+-------++-------
Melee: Spear             |    31 |       |       ||    31
       Dagger            |     5 |       |       ||     5
       Bite              |    12 |    30 |    30 ||    72
       Mace              |    63 |    54 |       ||   117
       Punch             |     1 |       |       ||     1
       Rapier            |       |   183 |   208 ||   391
 Cast: Corona            |       |     3 |     2 ||     5
       Dazzling Spray    |       |     3 |     1 ||     4
Evoke: Wand              |       |     2 |     4 ||     6
  Use: Scroll            |     5 |     3 |       ||     8
       Potion            |       |     6 |     5 ||    11
 Stab: Sleeping          |     3 |     7 |     2 ||    12
       Invisible         |       |       |     1 ||     1
  Eat: Chunk             |     2 |     3 |     1 ||     6
       Ration            |       |     2 |     2 ||     4
Armor: Robe              |     3 |       |       ||     3
       Ring mail         |    27 |    60 |    38 ||   125
       Skin              |       |       |    44 ||    44
Dodge: Dodged            |    44 |   123 |    72 ||   239
Block: Buckler           |     2 |    47 |    37 ||    86
